AoeStats
← oskarturorozco

Four Lakes

509809171Analyzed
1v1 RM · 3d ago on Sep 28, 2026· 35m 17s· 2 players
Game mode
Random Map
Map size
Tiny (2 player)
Population
200
Speed
Normal
Resources
Standard
Victory
Conquest
Starting age
Dark Age
Ending age
Imperial Age
RankedLock teamsTeams togetherTeam positionsShared explorationLock speedFull tech treeHidden civsTurbo modeCheats
Victory
Defeat
🇺🇸 Jurchens · United States
545
+16
🇨🇴 Khmer · Colombia
554
-16
Awakened Gonzo
8:43 Loom
10:55 Feudal Age
13:07 Wheelbarrow
17:16 Castle Age
16:09 Scale Barding Armor
17:13 Forging
18:17 Bloodlines
19:00 Fishing Lines
20:02 Husbandry
20:25 Squires
23:33 Fervor
22:49 Light Cavalry
23:50 Chain Barding Armor
23:28 Horse Collar
23:36 Double-Bit Axe
25:49 Iron Casting
25:37 Bow Saw
26:33 Town Watch
27:03 Hand Cart
27:03 Fletching
28:21 Town Patrol
29:45 Bodkin Arrow
29:55 Padded Archer Armor
31:10 Fortified Bastions
32:31 Ballistics
32:58 Medium Warships
33:15 Masonry
33:08 Stone Mining
33:10 Gold Mining
33:51 Clinker Construction
34:09 Treadmill Crane
oskarturorozco
0:28 Loom
11:35 Feudal Age
14:17 Double-Bit Axe
14:15 Horse Collar
18:32 Bloodlines
26:51 Castle Age
25:22 Stone Mining
32:29 Wheelbarrow
33:53 Hand Cart
Connection lost

Rejoining the realm…

Still unreachable

The connection could not be restored.

Session expired

The server has moved on; the page needs a fresh start.